 Dungeon Crawl Stone Soup version 0.18.1-48-g4cf74bf (webtiles) character file.

470 theElss the Conjurer (level 6, -7/36 HPs)
             Began as a High Elf Conjurer on Aug 20, 2016.
             Mangled by an ogre
             ... wielding a +0 giant club
              (17 damage)
             ... on level 4 of the Dungeon.
             The game lasted 00:13:54 (5018 turns).

theElss the Conjurer (High Elf Conjurer)            Turns: 5018, Time: 00:13:56

Health: -7/36      AC:  4    Str:  9    XL:     6   Next: 82%
Magic:  4/14       EV: 13    Int: 18    God:
Gold:   159        SH:  0    Dex: 17    Spells: 3 memorised, 8 levels left

rFire  . . .     SeeInvis .     e - +0 short sword
rCold  . . .     Gourm    .     d - +0 leather armour
rNeg   . . .     Faith    .     (no shield)
rPois  .         Spirit   .     (no helmet)
rElec  .         Dismiss  .     m - +0 cloak
rCorr  .         Reflect  .     (no gloves)
SustAt .         Harm     .     (no boots)
MR     .....                    (no amulet)
Stlth  ++........               (no ring)
                                (no ring)

@: not resistant to hostile enchantments, unstealthy
A: no striking features
a: no special abilities


You were on level 4 of the Dungeon.
You were not hungry.

You visited 1 branch of the dungeon, and saw 5 of its levels.

You collected 159 gold pieces.

Inventory:

Hand Weapons
 e - a +0 short sword (weapon)
Armour
 a - a +0 robe
 d - a +0 leather armour (worn)
 m - a +0 cloak (worn)
Jewellery
 q - a cursed -3 ring of dexterity {unknown}
Wands
 s - a wand of hasting (4/9)
Scrolls
 h - 3 scrolls of teleportation {unknown}
 n - 2 scrolls of remove curse {unknown}
 p - 3 scrolls of identify {unknown}
 t - 2 scrolls of immolation {unknown}
 v - a scroll of enchant weapon {unknown}
Potions
 f - 2 potions of curing {unknown}
 i - a potion of brilliance {unknown}
 k - a potion of cure mutation {unknown}
 o - 3 potions of berserk rage {unknown}
 r - a potion of might {unknown}
Books
 b - a book of Conjurations

   Spells                             Type                      Level
   a - Magic Dart                     Conjuration                  1
   b - Searing Ray                    Conjuration                  2
   c - Dazzling Spray                 Conjuration/Hexes            3
   d - Fulminant Prism                Conjuration/Hexes            4
   e - Iskenderun's Mystic Blast      Conjuration                  4
   f - Iskenderun's Battlesphere      Conjuration/Charms           5
 u - a book of Maledictions

   Spells                             Type                      Level
   a - Corona                         Hexes                        1
   b - Ensorcelled Hibernation        Hexes/Ice                    2
   c - Confuse                        Hexes                        3
   d - Tukima's Dance                 Hexes                        3
   e - Dazzling Spray                 Conjuration/Hexes            3
Comestibles
 c - 2 bread rations
 g - a slice of pizza
 j - 2 chunks of flesh
 l - a meat ration


   Skills:
 + Level 3.4 Dodging
 - Level 2.1 Stealth
 + Level 5.1 Spellcasting
 + Level 7.3 Conjurations


You had 8 spell levels left.
You knew the following spells:

 Your Spells              Type           Power        Failure   Level  Hunger
a - Magic Dart            Conj           ####         1%          1    None
c - Searing Ray           Conj           ####..       1%          2    #......
d - Iskenderun's Mystic   Conj           ####....     12%         4    ####...


Dungeon Overview and Level Annotations

Branches:
Dungeon (5/15)
 Temple: D:4-7

Altars:
Trog


Message History

An ogre comes into view. It is wielding a giant club.
The ogre shouts!
Casting: Magic Dart
Confirm with . or Enter, or press ? or * to list all spells.
Aiming: Iskenderun's Mystic Blast
Press: ? - help, Shift-Dir - straight line, f - ogre
Aim: an ogre, wielding a giant club The orb of energy hits the ogre.
The ogre is heavily wounded.
The ogre hits you with a giant club!!
Ouch! That really hurt!
* * * LOW HITPOINT WARNING * * *
Casting: Iskenderun's Mystic Blast
Confirm with . or Enter, or press ? or * to list all spells.
Aiming: Iskenderun's Mystic Blast
Press: ? - help, Shift-Dir - straight line, f/p - ogre
Aim: an ogre, wielding a giant club (heavily wounded)
The orb of energy misses the ogre.
The orb of energy explodes!
The ogre hits you with a giant club!
You die...

# # # ######### #
...>....# # #######>#
#.# ###### #@# #..<.#
##O# #.##.#
###)..##########.##.#
#......<.........##.#
#.#...###...........#
#.##.## #.#####..#...
# #.# #. #...... #.#
#.#####...... #.#
#.(..........


You could see an ogre.

Vanquished Creatures
  An ogre (D:5)
  A water moccasin zombie (D:5)
  A hound (D:5)
  An orc priest (D:4)
  Natasha (D:3)
  Terence (D:3)
  3 worker ants
  A howler monkey zombie (D:5)
  A worker ant zombie (D:5)
  5 adders
  3 worms
  2 dart slugs (D:2)
  2 giant geckos
  8 orcs
  A ball python (D:1)
  2 giant cockroaches
  9 goblins
  5 hobgoblins
  A quokka (D:5)
  8 bats
  A giant cockroach zombie (D:5)
  A giant gecko skeleton (D:4)
  4 giant newts
  A jackal zombie (D:5)
  4 kobolds
  10 rats
78 creatures vanquished.

Notes
Turn   | Place    | Note
--------------------------------------------------------------
     0 | D:1      | theElss the High Elf Conjurer began the quest for the Orb.
     0 | D:1      | Reached XP level 1. HP: 11/11 MP: 4/4
   600 | D:1      | Reached XP level 2. HP: 17/17 MP: 4/6
   604 | D:1      | Learned a level 2 spell: Searing Ray
   974 | D:2      | Reached skill level 5 in Conjurations
  1120 | D:2      | Reached XP level 3. HP: 21/21 MP: 2/7
  1720 | D:2      | Found a bloodstained altar of Trog.
  1832 | D:3      | Reached XP level 4. HP: 27/27 MP: 6/9
  2353 | D:3      | Noticed Terence
  2388 | D:3      | Killed Terence
  2388 | D:3      | Reached skill level 6 in Conjurations
  3049 | D:3      | Noticed Natasha
  3053 | D:3      | Killed Natasha
  3053 | D:3      | Reached XP level 5. HP: 31/31 MP: 6/11
  3059 | D:3      | Learned a level 4 spell: Iskenderun's Mystic Blast
  3150 | D:4      | Noticed a phantom
  3643 | D:4      | Noticed a phantom
  4264 | D:4      | Reached XP level 6. HP: 23/36 MP: 8/13
  4567 | D:5      | Entered Level 5 of the Dungeon
  4586 | D:5      | Reached skill level 7 in Conjurations
  4964 | D:5      | Reached skill level 5 in Spellcasting
  5018 | D:4      | Mangled by an ogre

Skill      XL: |  1  2  3  4  5  6 |
---------------+-------------------+-----
Conjurations   | 5 6 7 |  7.3
Spellcasting   | 3 4 5 |  5.1
Dodging        | 3 |  3.4
Stealth        | |  2.1

Action                   |  1- 3 |  4- 6 || total
-------------------------+-------+-------++-------
Melee: Short sword       |       |    14 ||    14
 Cast: Magic Dart        |    69 |    72 ||   141
       Searing Ray       |     1 |    11 ||    12
       Iskenderun's Myst |       |     6 ||     6
  Eat: Chunk             |     3 |    11 ||    14
Armor: Leather armour    |     1 |     9 ||    10
Dodge: Dodged            |     8 |    24 ||    32
